 Dungeon Crawl Stone Soup version 0.31-b1-18-g61460d1e46 (webtiles) character file.

Game seed: 14575936084930639573

259 Aldia the Ruffian (level 6, -1/46 HPs)
             Began as a Merfolk Shapeshifter on Jan 16, 2024.
             Slain by a goblin
             ... wielding a +0 club
             ... led by Robin
              (3 damage)
             ... on level 4 of the Dungeon on Jan 17, 2024.
             The game lasted 00:06:15 (2809 turns).

Aldia the Ruffian (Merfolk Shapeshifter)            Turns: 2809, Time: 00:06:16

Health: -1/46      AC:  2    Str: 17    XL:     6   Next: 17%
Magic:  6/6        EV: 13    Int:  9    God:
Gold:   14         SH:  5    Dex: 13    Spells: 5/5 levels left

rFire   . .          .
                       - Unarmed
rCold   + . .        (no shield)
rNeg    + . .        a - +0 animal skin
rPois   .            (helmet currently unavailable)
rElec   .            (cloak currently unavailable)
rCorr   .            (gloves currently unavailable)
SInv    .            (boots currently unavailable)
Will    .....        h - amulet of reflection
Stlth   +            j - ring of protection from cold
HPRegen 0.27/turn    r - ring of positive energy
MPRegen 0.10/turn

%: reflection
@: beast-form
A: beast (slay +2), (nimble swimmer 2), mertail
a: Begin Untransformation


You were on level 4 of the Dungeon.
You were a hulking beast.
You visited 1 branch of the dungeon, and saw 4 of its levels.

You collected 158 gold pieces.
You spent 144 gold pieces at shops.

Inventory:

Hand Weapons
 s - a +2 heavy trident
Missiles
 l - 6 atropa-tipped darts (quivered)
Armour
 a - a +0 animal skin (worn)
 g - a +1 pair of gloves
 o - a +0 buckler
Jewellery
 h - an amulet of reflection (around neck)
 j - a ring of protection from cold (left hand)
 r - a ring of positive energy (right hand)
Talismans
 c - a beast talisman
 d - a flux talisman
Scrolls
 f - a scroll of teleportation
 i - a scroll of vulnerability {unknown}
 m - a scroll of amnesia
 q - a scroll of enchant armour
 u - a scroll of blinking {unknown}
Potions
 b - 2 potions of haste
 e - a potion of brilliance
 k - a potion of might
 n - 3 potions of heal wounds
 p - a potion of berserk rage {unknown}
 t - a potion of mutation {unknown}


   Skills:
 + Level 2.9 Fighting
 + Level 4.3 Dodging
 * Level 5.3 Unarmed Combat
 + Level 5.1 Shapeshifting


You had 5 spell levels left.
You didn't know any spells.
Your spell library was empty.

Dungeon Overview and Level Annotations

Branches:
Dungeon (4/15)
 Temple: D:4-7

Altars:
Dithmenos
Kikubaaqudgha

Shops:
D:4 *


Innate Abilities, Weirdness & Mutations

You are a hulking beast.
Your limbs bulge with bestial killing power. (Slay +2)
((You are very nimble when in or above water. (Stealth+, EV+, Speed+++)))
Your lower body shifts to a powerful aquatic tail in water.


Message History

You hit Robin.
Robin is heavily wounded.
Robin misses you.
You punch Robin!
You kill Robin!
The hobgoblin hits you.
You closely miss the goblin. The hobgoblin closely misses you.
The hobgoblin hits you.
* * * LOW HITPOINT WARNING * * *
The quokka barely misses you. The hobgoblin hits you.
* * * LOW HITPOINT WARNING * * *
You block the hobgoblin's attack. The goblin hits you with a +0 club.
* * * LOW HITPOINT WARNING * * *
Items here: ))) [[ ††.
You punch the quokka!
You kill the quokka!
The goblin hits you but does no damage. The hobgoblin barely misses you.
The goblin hits you with a +0 club.
* * * LOW HITPOINT WARNING * * *
The hobgoblin misses you. The goblin attacks as it pursues you!
The goblin barely misses you. The goblin hits you with a +0 club.
* * * LOW HITPOINT WARNING * * *
You block the hobgoblin's attack.
There is a large open door, spattered with blood here.
Things that are here:
a +0 club; a quokka corpse You hit the goblin.
You kill the goblin!
The goblin barely misses you. The hobgoblin closely misses you.
You closely miss the hobgoblin. You block the goblin's attack.
The hobgoblin barely misses you.
The hobgoblin hits you but does no damage.
You hit the hobgoblin.
The hobgoblin is almost dead.
The goblin closely misses you. The hobgoblin closely misses you.
You hit the hobgoblin.
You kill the hobgoblin!
The goblin hits you with a +0 club.
You die...

##......######....####
..........##....##...####
......†.∩...............#
.............<..........#
.##########..>..........##
♣♣♣♣♣♣♣♣#..............#
♣~~..~~♣#..............#
#♣~♣..♣~♣#..............#
+....$).h)..............#
+...(.).gg..............#
#♣~♣..♣~♣#..............#
♣~~..~~♣#.(............#
♣♣♣♣♣♣♣♣#....<.........#
#.......)......
..............
............


You could see a hobgoblin (strong) and a goblin.

Vanquished Creatures
  An ogre (D:4)
  A hound (D:3)
  An iguana (D:4)
  Robin (D:4)
  3 adders
  2 ribbon worms
  A dart slug (D:3)
  An orc (D:3)
  7 ball pythons
  6 endoplasms
  5 giant cockroaches
  11 goblins
  6 hobgoblins
  2 jackals (D:3)
  3 quokkas
  5 bats
  6 frilled lizards
  4 kobolds
  7 rats
73 creatures vanquished.

Notes
Turn   | Place    | Note
-------+----------+-------------------------------------------
     0 | D:1      | Aldia the Merfolk Shapeshifter began the quest for the Orb.
     0 | D:1      | Reached XP level 1. HP: 15/15 MP: 1/1
    92 | D:1      | Reached XP level 2. HP: 1/21 MP: 2/2
   420 | D:1      | Reached XP level 3. HP: 16/26 MP: 3/3
  1007 | D:2      | Reached XP level 4. HP: 33/33 MP: 4/4
  2037 | D:3      | Reached XP level 5. HP: 32/38 MP: 5/5
  2332 | D:3      | Found an ancient bone altar of Kikubaaqudgha.
  2339 | D:3      | Found a shadowy altar of Dithmenos.
  2607 | D:4      | Found Ugocinao's Assorted Antiques.
  2657 | D:4      | Bought 2 fuming red potions for 54 gold pieces
  2657 | D:4      | Bought a scroll labelled LUNEUTS YNUTA for 30 gold pieces
  2657 | D:4      | Bought a scroll of identify for 60 gold pieces
  2774 | D:4      | Noticed Robin
  2780 | D:4      | Noticed an ogre
  2788 | D:4      | Killed an ogre
  2789 | D:4      | Reached skill level 5 in Unarmed Combat
  2789 | D:4      | Reached skill level 5 in Shapeshifting
  2789 | D:4      | Reached XP level 6. HP: 27/46 MP: 6/6
  2800 | D:4      | Killed Robin
  2804 | D:4      | HP: 1/46 [goblin/+0 club[Robin] (2)]
  2809 | D:4      | Slain by a goblin

Illustrated notes

Levels and vault maps discovered:
D:1:      dpeg_arrival_leaves_temple_mockup, layout_rooms, eino_curves_01
D:2:      layout_basic
D:3:      layout_basic, amethyst_overflow_temple_binary, palyth_stone_intersect,
          minivault_24, kennysheep_boxes
D:4:      layout_layer_cave, general_overflow_altar, serial_shops, shop,
          kennysheep_generic_room_5, uniq_natasha, uniq_robin, uniq_sigmund

Skill      XL: |  1  2  3  4  5 |
---------------+----------------+-----
Dodging        | 3 4 |  4.3
Unarmed Combat | 4 5 |  5.3
Fighting       | 2 |  2.9
Shapeshifting  | 5 |  5.1

Action                     |  1- 3 |  4- 6 || total
---------------------------+-------+-------++-------
  Melee: Unarmed           |    71 |   102 ||   173
         Punch             |     3 |     4 ||     7
    Use: Scroll            |     3 |     4 ||     7
         Potion            |       |     1 ||     1
   Stab: Sleeping          |     2 |       ||     2
 Armour: Animal skin       |    42 |    43 ||    85
         Skin              |       |    15 ||    15
  Dodge: Dodged            |    48 |    50 ||    98
  Block: Other             |       |    12 ||    12
         Reflection        |       |     2 ||     2
